 Dungeon Crawl Stone Soup version 0.26-a0-710-g95a0c6c400 (webtiles) character file.

Game seed: 12200934698667282587

154 jiml777 the Magician (level 5, -1/28 HPs)
             Began as a Deep Elf Air Elementalist on Oct 30, 2020.
             Slain by a gnoll (4 damage)
             ... on level 3 of the Dungeon.
             The game lasted 00:20:34 (3164 turns).

jiml777 the Magician (Deep Elf Air Elementalist)    Turns: 3164, Time: 00:20:34

Health: -1/28      AC:  3    Str:  5    XL:     5   Next: 13%
Magic:  4/13       EV: 13    Int: 21    God:
Gold:   109        SH:  0    Dex: 15    Spells: 9/12 levels left

rFire    . . .     SeeInvis .   f - +0 short sword
rCold    . . .     Faith    .   (no shield)
rNeg     . . .     Spirit   .   a - +0 robe
rPois    .         Reflect  .   (no helmet)
rElec    .         Harm     .   (no cloak)
rCorr    .         Rampage  .   i - +0 pair of gloves
MR       .....                  (no boots)
Stlth    ++........             (no amulet)
HPRegen  0.09/turn              (no ring)
MPRegen  0.13/turn              (no ring)

@: no status effects
A: no striking features
a: no special abilities


You were on level 3 of the Dungeon.
You visited 1 branch of the dungeon, and saw 3 of its levels.

You collected 109 gold pieces.

Inventory:

Hand Weapons
 f - a +0 short sword (weapon)
Missiles
 k - 14 poisoned darts (quivered)
 n - 26 sling bullets
Armour
 a - a +0 robe (worn)
 i - a +0 pair of gloves (worn)
Scrolls
 b - 3 scrolls of amnesia {unknown}
 d - 5 scrolls of identify {unknown}
 e - a scroll of blinking {unknown}
 m - a scroll of magic mapping {unknown}
Potions
 c - a potion of invisibility {unknown}
 g - 2 potions of curing {unknown}
 h - 2 potions of might {unknown}
 j - a potion of stabbing {unknown}
 l - a potion of haste {unknown}


   Skills:
 + Level 2.8 Dodging
 + Level 2.9 Stealth
 + Level 4.4 Spellcasting
 + Level 2.7 Conjurations
 + Level 4.3 Air Magic


You had 9 spell levels left.
You knew the following spells:

 Your Spells              Type           Power        Failure   Level
a - Shock                 Conj/Air       ###.         2%          1
b - Swiftness             Air            ###.....     3%          2

Your spell library contained the following spells:

 Spells                   Type           Power        Failure   Level
 Static Discharge         Conj/Air       ###.....     9%          3
 Airstrike                Air            ###.......   19%         4
 Lightning Bolt           Conj/Air       ###.......   58%         5


Dungeon Overview and Level Annotations

Branches:
Dungeon (3/15)

Altars:
Qazlal


Message History

You barely miss the gnoll.
The gnoll is almost dead.
The gnoll hits you with a +0 club.
You hit the gnoll.
You kill the gnoll!
The gnoll barely misses you.
You hit the gnoll.
The gnoll is heavily wounded.
The gnoll hits you.
You barely miss the gnoll.
The gnoll is heavily wounded.
The gnoll hits you!
* * * LOW HITPOINT WARNING * * *
The gnoll hits you.
* * * LOW HITPOINT WARNING * * *
Items here: ( )) [.
The gnoll closely misses you.
There is an open door here.
You open the door. The gnoll hits you.
You die...

######### ######## ####
.........# #.@g...# ######...
..........# ##'####'####....#...
..........####.........##....#...
..........#..................#...
..........#................).##..
..........#......................
..........#..........##..........
..........'..........##..........
..........#.....######....###....


You could see a gnoll.

Vanquished Creatures
  Jessica (D:2)
  3 gnolls (D:3)
  An ooze (D:2)
  A worm (D:3)
  3 dart slugs
  4 leopard geckos
  5 orcs (D:3)
  4 giant cockroaches
  12 goblins
  8 hobgoblins
  8 jackals
  4 kobolds
  A quokka (D:2)
  4 bats
  4 frilled lizards
  8 rats
71 creatures vanquished.

Vanquished Creatures (others)
  A goblin (D:2)
  7 toadstools (D:3)
8 creatures vanquished.

Grand Total: 79 creatures vanquished

Notes
Turn   | Place    | Note
-------+----------+-------------------------------------------
     0 | D:1      | jiml777 the Deep Elf Air Elementalist began the quest for
                  | the Orb.
     0 | D:1      | Reached XP level 1. HP: 10/10 MP: 6/6
   331 | D:1      | Reached XP level 2. HP: 14/15 MP: 0/8
   814 | D:1      | Learned a level 2 spell: Swiftness
  1153 | D:2      | Reached XP level 3. HP: 19/19 MP: 5/9
  1838 | D:2      | Noticed Jessica
  1844 | D:2      | Killed Jessica
  1844 | D:2      | Reached XP level 4. HP: 14/24 MP: 4/11
  2026 | D:2      | Found a stormy altar of Qazlal.
  3127 | D:3      | Reached XP level 5. HP: 28/28 MP: 5/13
  3137 | D:3      | HP: 1/28 [gnoll (6)]
  3164 | D:3      | Slain by a gnoll

Illustrated notes

Levels and vault maps discovered:
D:1:      minmay_arrival_glassed_features, layout_loops_ring
D:2:      layout_loops_corners, grunt_qazlal_clouds, uniq_robin, uniq_jessica
D:3:      cheibrodos_fertilizer, layout_basic

Skill      XL: |  1  2  3  4 |
---------------+-------------+-----
Conjurations   | 2 |  2.7
Air Magic      | 4 |  4.3
Spellcasting   | 4 |  4.4
Dodging        | |  2.8
Stealth        | |  2.9

Action                   |  1- 3 |  4- 6 || total
-------------------------+-------+-------++-------
Melee: Unarmed           |     6 |       ||     6
       Short sword       |       |     8 ||     8
 Cast: Shock             |    75 |    61 ||   136
Armor: Robe              |     8 |     4 ||    12
Dodge: Dodged            |    16 |    24 ||    40

Table legend: (Time is in decaauts)
 A = Elapsed time spent in this place.
 B = Non-inter-level travel time spent in this place.
 C = Inter-level travel time spent in this place.
 D = Time resting spent in this place.
 E = Time spent auto-exploring this place.
 F = Levels seen in this place.
 G = Mean time per level.
                   A        B        C        D        E       F      G
               +--------+--------+--------+--------+--------+-----+--------+
         Total |   3164 |   3164 |      0 |   1256 |   1103 |   3 | 1054.7 |
       Dungeon |   3164 |   3164 |      0 |   1256 |   1103 |   3 | 1054.7 |
               +--------+--------+--------+--------+--------+-----+--------+

Top non-repeatable levels by time:
     D:2: 1274 daAuts
     D:1: 1085 daAuts
     D:3: 804 daAuts
